[Event "*** SCC Grand Prix: Titled Tuesday Blitz"]
[Site "Chess.com"]
[Date "2020.10.06"]
[Round "4"]
[White "Aygehovit1992"]
[Black "Teo2000"]
[Result "1-0"]
[WhiteElo "2635"]
[BlackElo "2407"]
[TimeControl "180+1"]
[EndTime "10:40:25 PDT"]
[Termination "Aygehovit1992 won by checkmate"]

1. Nf3 d6 2. g3 Bg4 3. Bg2 Nd7 4. O-O e5 5. Nc3 Ngf6 6. d4 c6 7. b3 Be7 8. a4 e4 9. Nd2 d5 10. f3 exf3 11. exf3 Bf5 12. Re1 O-O 13. Ne2 h6 14. Nf1 Re8 15. g4 Bh7 16. Nfg3 Bd6 17. c4 Bb4 18.
Bd2 Qa5 19. Bxb4 Qxb4 20. h4 dxc4 21. bxc4 Qxc4 22. Rc1 Qd5 23. Qd2 Qd6 24. g5 Nd5 25. Ne4 Qf8 26. gxh6 gxh6 27. Kh1 f5 28. N4g3 Ne3 29.
Nf4 Nxg2 30. Kxg2 Kh8 31. Nfh5 Nf6 32. Qf4 Nxh5 33. Nxh5 Qg8+ 34. Kh3 Qg6 35. Ng3 Rxe1 36. Rxe1 Re8 37. Rxe8+ Qxe8 38. Qxh6 Qd7 39. Qf8+ Bg8 40. Qf6+ Kh7 41. f4 Qf7 42. Qe5 Qe6 43. h5 Qxe5 44.
fxe5 Be6 45. Ne2 Kh6 46. Nf4 Bc8 47. Kh4 b5 48. axb5 cxb5 49. e6 b4 50. e7 Bd7 51.
d5 b3 52. Nd3 a5 53. Ne5 b2 54. Nxd7 b1=Q 55. e8=Q Qe4+ 56. Qxe4 fxe4 57. Nc5 e3 58. Kg3 a4 59. Nxa4 Kxh5 60. Kf3 Kg6 61. Kxe3 Kf5 62. Kd4 Kf6 63. Nc5 Ke7 64. Ke4 Kd6 65. Kd4 Kc7 66.
Ne4 Kd7 67. Ke5 Ke7 68. d6+ Kd7 69. Kd5 Kd8 70. Nc5 Kc8 71. Kc6 Kd8 72. Nb7+ Kc8 73. d7+ Kb8 74. d8=Q+ Ka7 75. Qb6+ Kb8 76. Nc5+ Ka8 77.
Qb7# 1-0

[Event "*** SCC Grand Prix: Titled Tuesday Blitz"]
[Site "Chess.com"]
[Date "2020.10.06"]
[Round "4"]
[White "bocah_sakit"]
[Black "Kavyev_Ruslan"]
[Result "1/2-1/2"]
[WhiteElo "2828"]
[BlackElo "2592"]
[TimeControl "180+1"]
[EndTime "10:40:28 PDT"]
[Termination "Game drawn by repetition"]

1. e4 c5 2. Nf3 d6 3. d4 cxd4 4. Nxd4 Nf6 5. Nc3 a6 6. Bg5 Nbd7 7. f4 Qc7 8. Qf3 h6 9. Bxf6 Nxf6 10. f5 Qc5 11.
O-O-O g5 12. fxg6 Bg4 13. gxf7+ Kxf7 14. Qd3 Bxd1 15. Nxd1 Bg7 16. Qb3+ d5 17. Nf5 Nxe4 18.
Bd3 Nf6 19. Rf1 b5 20. g4 e6 21. Nh4 Rhf8 22. Ng6 Rfc8 23. h4 Kg8 24. g5 Ne4 25. Bxe4 dxe4 26. Qxe6+ Kh7 27. Qxe4 Qxc2+ 28. Qxc2 Rxc2+ 29. Kxc2 Kxg6 30. gxh6 Kxh6 31. Ne3 Kh5 32. Nf5 Bf6 33. Ng3+ Kg6 34. h5+ Kg7 35. Nf5+ Kh7 36.
Rd1 Re8 37. Rd7+ Kh8 38. Rd6 Be5 39. Rxa6 Rf8 40. Rh6+ Kg8 41. Ne7+ Kg7 42. Rg6+ Kh7 43. Rg2 Rf3 44. Nd5 Rh3 45. Re2 Rxh5 46. Ne7 Kg7 47. Kb3 Kf6 48. Nc6 Bd6 49. Nd4 Rd5 50.
Re4 Be5 51. Nc6 Bd6 52. a3 Rd3+ 53. Kc2 Rd5 54. Nd4 Be5 55. Nf3 Bd6 56. Rd4 Ke6 57. Kd3 Bc5 58. Rxd5 Kxd5 59. b4 Bb6 60. Nd2 Bc7 61.
Ne4 Bf4 62. Nc3+ Kc6 63. Ne2 Be5 64. Nd4+ Bxd4 65. Kxd4 Kd6 66. Ke4 Ke6 67. Kd4 Kd6 68. Ke4 Ke6 69. Kd4 Kd6 1/2-1/2

[Event "*** SCC Grand Prix: Titled Tuesday Blitz"]
[Site "Chess.com"]
[Date "2020.10.06"]
[Round "4"]
[White "Kacparov"]
[Black "Angel_Hranitel_37"]
[Result "1/2-1/2"]
[WhiteElo "2731"]
[BlackElo "2532"]
[TimeControl "180+1"]
[EndTime "10:40:29 PDT"]
[Termination "Game drawn by repetition"]

1. e4 c5 2. Nf3 e6 3. d4 cxd4 4. Nxd4 Nf6 5. Nc3 Nc6 6. Nxc6 bxc6 7. e5 Nd5 8. Ne4 Qc7 9. f4 Qb6 10. c4 Bb4+ 11. Ke2 f5 12. exf6 Nxf6 13. Be3 Qd8 14. Nd6+ Bxd6 15. Qxd6 Bb7 16. Rd1 Rc8 17. Qb4 Ba8 18.
Kd2 c5 19. Qa3 O-O 20. Kc1 Qb6 21. Be2 Bxg2 22. Rhg1 Be4 23. Rg5 d5 24. Rdg1 Rf7 25. Bd2 d4 26. R1g3 Bf5 27. Rb3 Qc7 28. Qa5 Qc6 29. Bf3 Be4 30. Bd1 Bf5 31. Bf3 Qc7 32. Qxc7 Rfxc7 33. Rg1 Kf7 34. Re1 Bg4 35. Bg2 Re7 36.
Re5 Nd7 37. Rg5 Bf5 38. Rb5 Nb6 39. b3 h6 40. Rg3 e5 41. fxe5 Rxe5 42. Rf3 Ke6 43.
Rf2 d3 44. Ra5 Rc7 45. Ra6 Re2 46. Rxe2+ dxe2 47. Bf3 Re7 48. Bxe2 Ke5 49. Bf3 Kd4 50. Ra5 g5 51. Rb5 g4 52. Bd1 h5 53. a4 h4 54. a5 Nd7 55. Rb7 g3 56. hxg3 hxg3 57.
Bf3 Rh7 58. Rxa7 Be4 59. Bxe4 Kxe4 60. Ra8 Rg7 61. Re8+ Kf3 62. a6 g2 63. Be3 Nb6 64.
Bg1 Ra7 65. Rf8+ Ke2 66. Bxc5 Kd3 67. Bxb6 Rxa6 68. Bf2 Ra2 69. Bb6 Ra6 70. Bf2 Ra2 71. Bb6 Ra6 1/2-1/2

[Event "*** SCC Grand Prix: Titled Tuesday Blitz"]
[Site "Chess.com"]
[Date "2020.10.06"]
[Round "4"]
[White "Snegokhod"]
[Black "Fighter008"]
[Result "0-1"]
[WhiteElo "2396"]
[BlackElo "2626"]
[TimeControl "180+1"]
[EndTime "10:40:29 PDT"]
[Termination "Fighter008 won on time"]

1. e4 c5 2. Nf3 d6 3. d4 cxd4 4. Qxd4 Nf6 5. Nc3 a6 6. Bg5 Nc6 7. Qd2 e6 8. Bc4 Be7 9. Bb3 b5 10. Bxf6 Bxf6 11. O-O Bb7 12. Rad1 Be7 13. Rfe1 O-O 14.
Ne2 Qc7 15. Nf4 Ne5 16. Nd4 Bg5 17. Ndxe6 Qe7 18. Nxg5 Qxg5 19. Qe3 Rad8 20. Nd5 Qh4 21. Qg3 Qh6 22. Ne7+ Kh8 23. Nf5 Qf6 24. c3 a5 25. Bd5 Bc8 26. Nd4 Bd7 27. h3 Ng6 28. Nc6 Bxc6 29. Bxc6 b4 30. Bd5 Rb8 31. Rd2 Rfc8 32.
c4 Ne5 33. b3 Nd7 34. f4 Nc5 35. e5 dxe5 36. fxe5 Qe7 37. Rf1 Re8 38. Rxf7 Qxe5 39. Qxe5 Rxe5 40. Rdf2 h5 41. Ra7 a4 42. bxa4 Nd3 43.
Rd2 Nf4 44. a5 b3 45. axb3 Rxb3 46. Rd1 Rg5 47. Rf7 Ne2+ 48. Kh2 Nc3 49. Rdf1 Rb2 50.
R1f2 Rb1 51. Rf8+ Kh7 52. a6 Ra1 53. Ra8 Re5 54. a7 Ree1 55. Kg3 Re3+ 56. Kf4 Re7 57. Rc2 Ne2+ 58. Kf3 Nd4+ 59. Kg3 Nxc2 60. Rb8 Raxa7 61. Rb2 Ra3+ 62. Kh2 Nd4 63. Rd2 Nf5 64. Rf2 Ne3 65.
Rf3 Rc3 66. Rg3 Nxd5 67. cxd5 Rxg3 68. Kxg3 Rd7 69. Kf4 Rxd5 70. g4 Ra5 71. gxh5 Kh6 0-1

[Event "*** SCC Grand Prix: Titled Tuesday Blitz"]
[Site "Chess.com"]
[Date "2020.10.06"]
[Round "4"]
[White "pedromartinez91"]
[Black "DrMamaliga"]
[Result "1/2-1/2"]
[WhiteElo "2505"]
[BlackElo "2334"]
[TimeControl "180+1"]
[EndTime "10:40:30 PDT"]
[Termination "Game drawn by repetition"]

1. d4 Nf6 2. Bg5 e6 3. e4 c5 4.
dxc5 Bxc5 5. Nc3 Nc6 6. Qd2 O-O 7. O-O-O Qa5 8. Bxf6 gxf6 9. Bd3 b5 10. Kb1 b4 11.
Nce2 Ba6 12. Bxa6 Qxa6 13. Nf4 Kh8 14. Nh5 Be7 15. Qh6 Rg8 16. Nxf6 Rg7 17. Nf3 Qb5 18. h4 Ne5 19. Ng5 Bxf6 20. Qxf6 Kg8 21. f4 Ng4 22. Qd4 Rc8 23. e5 a5 24. Ne4 Rc4 25.
Qxd7 Qxd7 26. Rxd7 h6 27. Re1 Kh7 28. b3 Rc8 29. h5 a4 30. bxa4 Ra8 31. Red1 Rxa4 32. R1d3 b3 33. Nf6+ Nxf6 34. exf6 Rxg2 35. axb3 Rxf4 36.
Rxf7+ Kh8 37. Rd8+ Rg8 38. Rxg8+ Kxg8 39. Rg7+ Kh8 40.
Rg6 Kh7 41. Kb2 e5 42. c3 e4 43. Kc2 Rf2+ 44. Kd1 e3 45. Ke1 Rc2 46. b4 Rxc3 47.
f7 Rc8 48. Rg8 Rc1+ 49. Ke2 Rc2+ 50. Ke1 Rc1+ 51. Ke2 Rc2+ 52. Kxe3 Re2+ 53. Kd3 Rd2+ 54. Kc4 Rc2+ 55. Kb5 Rc5+ 56. Ka4 Ra5+ 57. Kb3 Ra3+ 58. Kc2 Rc3+ 59. Kd2 Rd3+ 60. Ke2 Re3+ 61. Kf2 Re2+ 62. Kf3 Re3+ 63. Kf4 Re4+ 64. Kf5 Re5+ 65. Kf6 Re6+ 66. Kf5 Re5+ 67. Kf4 Re4+ 68. Kf5 Re5+ 1/2-1/2

[Event "*** SCC Grand Prix: Titled Tuesday Blitz"]
[Site "Chess.com"]
[Date "2020.10.06"]
[Round "4"]
[White "Oleksandr_Bortnyk"]
[Black "Gabrielian_Artur"]
[Result "1/2-1/2"]
[WhiteElo "2898"]
[BlackElo "2754"]
[TimeControl "180+1"]
[EndTime "10:40:33 PDT"]
[Termination "Game drawn by agreement"]

1. d4 Nf6 2. Nc3 d5 3. Bf4 e6 4. Nb5 Na6 5. e3 Be7 6. Nf3 O-O 7. Ne5 c6 8. Nc3 Nc7 9. Qf3 Nce8 10. Bd3 Nd6 11. g4 Qa5 12. Kf1 c5 13. g5 Nfe4 14.
Nxe4 dxe4 15. Bxe4 Nxe4 16. Qxe4 cxd4 17. exd4 Rd8 18.
c3 Qb5+ 19. Qe2 Qd5 20. Qf3 Qb5+ 21. Qe2 Qd5 22. Rg1 b6 23. b3 a5 24. Rd1 a4 25.
c4 Qb7 26. Qf3 axb3 27. axb3 Qxf3 28. Nxf3 Ra3 29. Ne5 Bb7 30. Rg3 Kf8 31. h4 Be4 32. Re1 Bc2 33. Nc6 Rc8 34. Nxe7 Kxe7 35. Ree3 Kd7 36. d5 exd5 37. cxd5 Bf5 38. Kg2 g6 39. Be5 Ra5 40. d6 Re8 41. Bd4 Rxe3 42. Rxe3 Be6 43. Bxb6 Rb5 44. Bc7 Rxb3 45. Re5 Rd3 46. Ra5 Bd5+ 47. Kh2 Ke6 48. Bb8 Rd2 49. Kg3 Rd3+ 50. Kh2 Rd2 51. Ba7 Kxd6 52. Ra3 Rd1 53. Kg3 Rg1+ 54. Kf4 Rc1 55. f3 Rc4+ 56. Kg3 Ke6 57. Re3+ Kd7 58. Bb8 Be6 59. Be5 Kc6 60. Rd3 Rb4 61.
Bd4 Rb3 62. Bc3 Kb5 63. Re3 Kc4 64. Bd2 Rxe3 65. Bxe3 Kd5 66. Kf4 Bf5 67. Bc1 Bc2 68. Bb2 Bb1 69. Bf6 Bc2 70. Kg4 Bd1 71. Kg3 Be2 72. Kf2 Bd3 73. Ke3 Bb1 74. f4 Bc2 75.
Be5 Bf5 76. Kf3 Ke6 77. Kg3 Bb1 78. Kg4 Bf5+ 79. Kf3 Bd3 80. Ke3 Bf5 81. Kd4 Bg4 82. Ke4 Bf5+ 1/2-1/2

[Event "*** SCC Grand Prix: Titled Tuesday Blitz"]
[Site "Chess.com"]
[Date "2020.10.06"]
[Round "4"]
[White "keepitcoming"]
[Black "ftorodent"]
[Result "0-1"]
[WhiteElo "2473"]
[BlackElo "2675"]
[TimeControl "180+1"]
[EndTime "10:40:35 PDT"]
[Termination "ftorodent won by resignation"]

1. d4 f5 2. e4 fxe4 3. Nc3 Nf6 4. Bg5 g6 5. Bc4 c6 6. d5 Bg7 7. f3 cxd5 8. Nxd5 e6 9. Nc3 Qa5 10. Qd2 d5 11. Bb3 O-O 12. Nxe4 Qxd2+ 13. Nxd2 Nc6 14. Ne2 h6 15. Bh4 Na5 16. O-O-O Nxb3+ 17. Nxb3 Bd7 18. Ned4 Rac8 19. Rhe1 Rfe8 20. Bg3 Nh5 21. Be5 g5 22. g3 Kf7 23. c3 Nf6 24. Na5 Bc6 25.
Kc2 Bf8 26. Ndxc6 bxc6 27. Nb7 Nd7 28. Nd6+ Bxd6 29. Bxd6 e5 30. c4 Re6 31. c5 a5 32.
Rd3 e4 33. Ra3 Ra8 34. b4 a4 35. fxe4 dxe4 36. Kc3 Nf6 37. Kc4 Ke8 38. Rae3 Kd7 39. Rd1 Nd5 40. Ra3 e3 41. Re1 e2 42. Rf3 a3 43. Rf7+ Kc8 44. Rf8+ Kb7 45. Rf7+ Ka6 46. b5+ Ka5 47. bxc6 Ne3+ 48. Kd3 Nd5 49. Rxe2 Nb4+ 50. Kd2 Rxe2+ 51. Kxe2 Nxa2 52. c7 Nc3+ 53. Ke3 a2 54. Rf8 Rxf8 55. Bxf8 Nd5+ 56. Ke2 Nxc7 57. Bg7 Kb5 58.
Ba1 Kxc5 59. Kf3 Nd5 60. Kg4 Ne3+ 61. Kh5 g4 62. Kxh6 Nf1 63. Kg5 Nxh2 64. Kf4 Kc4 65. Bf6 Kd3 66. Ba1 Kc2 67. Bf6 Kb1 68. Bg7 a1=Q 69.
Bxa1 Kxa1 70. Kg5 Kb1 71. Kf4 Kc2 72. Ke3 Kc3 73. Kf2 Kd3 74. Kg2 Nf3 75. Kf2 Kd2 76.
Kg2 Ke2 77. Kh1 Nd2 78. Kh2 Ne4 79. Kg2 Ke3 80. Kh2 Kf2 81. Kh1 Kxg3 0-1

[Event "*** SCC Grand Prix: Titled Tuesday Blitz"]
[Site "Chess.com"]
[Date "2020.10.06"]
[Round "4"]
[White "kinga2008"]
[Black "Igor_Bitensky"]
[Result "0-1"]
[WhiteElo "2137"]
[BlackElo "2326"]
[TimeControl "180+1"]
[EndTime "10:40:36 PDT"]
[Termination "Igor_Bitensky won by resignation"]

1. e4 b6 2. Nc3 Bb7 3. d4 e6 4. Nf3 Bb4 5. Bd3 Nf6 6. Bg5 h6 7.
Bxf6 Qxf6 8. O-O Qd8 9. d5 Bxc3 10. bxc3 Na6 11. Ne5 d6 12. Nxf7 Kxf7 13. dxe6+ Kg8 14. f4 Nc5 15. Bc4 Kh7 16. f5 Nxe4 17. Qh5 Qg5 18. Qxg5 hxg5 19. Bd3 Nf6 20. Rae1 Rhe8 21. Re3 Re7 22.
Rg3 g4 23. Be2 Be4 24. Bxg4 Nxg4 25. Rxg4 Bxc2 26. Rf3 Rf8 27. Rh3+ Kg8 28. Rgh4 Rxe6 29. fxe6 g5 30. Rh8+ Kg7 31. Rxf8 Kxf8 32. Rh8+ Ke7 33. Rc8 c5 34. Rc7+ Kxe6 35. Rxa7 Bd3 36. Rb7 b5 37. a4 bxa4 38. Ra7 Bc2 39. g3 Kd5 40. h4 Kc4 41. hxg5 Kb3 42. Kf2 a3 43. Rb7+ Kxc3 44. g6 Bxg6 45.
Rb6 a2 46. Ra6 Kb2 47. Rb6+ Kc1 48. Ra6 Kb1 49. Rb6+ Kc1 50. Ra6 Bb1 51. g4 c4 52.
g5 Kb2 53. Rb6+ Kc1 54. Ra6 c3 55. Ke3 d5 56. Kd4 Kb2 57. Rb6+ Kc1 58. Ra6 Kd2 59. Kxd5 c2 60. Kd4 c1=Q 61. Rf6 Qc3+ 62. Kd5 Qd3+ 63.
Ke5 Qe3+ 64. Kd6 Qxg5 65. Re6 Qf4+ 66. Re5 a1=Q 0-1

[Event "*** SCC Grand Prix: Titled Tuesday Blitz"]
[Site "Chess.com"]
[Date "2020.10.06"]
[Round "4"]
[White "tigra"]
[Black "suyu28"]
[Result "1-0"]
[WhiteElo "2830"]
[BlackElo "2584"]
[TimeControl "180+1"]
[EndTime "10:40:37 PDT"]
[Termination "tigra won by resignation"]

1. e4 c6 2. d3 d5 3. Nd2 e5 4.
Ngf3 Bd6 5. d4 exd4 6. exd5 cxd5 7. Nxd4 Nf6 8. Bb5+ Bd7 9. Qe2+ Be7 10. Nf5 Kf8 11.
Bxd7 Qxd7 12. Nxe7 Qxe7 13. Qxe7+ Kxe7 14. Nf3 Nc6 15. Be3 Ne4 16. O-O-O Rhd8 17. Rhe1 Kf8 18. Nd4 Ne7 19. Nb5 a6 20. Bb6 Rd7 21. Rxe4 axb5 22. Kb1 Nc6 23. Bc5+ Kg8 24. Re3 f6 25. Rb3 Ra5 26.
Bb6 Ra4 27. Rxb5 Rg4 28. g3 d4 29. f3 Rg6 30. c3 d3 31. Kc1 Rh6 32. h4 Ne5 33. f4 Nf3 34. Rb4 Rg6 35. Bf2 f5 36. a4 Re6 37. Bd4 d2+ 38. Kc2 Re1 39. a5 Rde7 40. Be5 Rd7 41. Rc4 Kf7 42. b4 Rd3 43. Rc7+ Ke6 44. Bxg7 Rde3 45. Rxd2 Nxd2 46. Kxd2 R1e2+ 47. Kd1 Re1+ 48. Kc2 R1e2+ 49. Kb3 Rxg3 50. Rxb7 Kd5 51.
Bd4 Rgg2 52. a6 Ra2 53. Rb5+ Ke4 54. Re5+ Kxf4 55. b5 Rgb2+ 56. Kc4 Ra4+ 57. Kc5 Ra5 58. c4 Rb1 59. Re7 Kg3 60. Kb6 Ra4 61. a7 f4 62.
Be5 Kg4 63. Rg7+ Kf5 64. Bxf4 Kxf4 65. Rxh7 Rba1 66. c5 Ke5 67. c6 Kd6 68. Rd7+ Ke6 69. h5 Rb4 70. h6 Rb3 71. h7 Rab1 72. a8=Q Rxb5+ 73. Kc7 Rb7+ 74. Qxb7 1-0

[Event "*** SCC Grand Prix: Titled Tuesday Blitz"]
[Site "Chess.com"]
[Date "2020.10.06"]
[Round "4"]
[White "xamax2000"]
[Black "banane_verte"]
[Result "1/2-1/2"]
[WhiteElo "2661"]
[BlackElo "2449"]
[TimeControl "180+1"]
[EndTime "10:40:38 PDT"]
[Termination "Game drawn by repetition"]

1. d4 Nf6 2. c4 e6 3. g3 d5 4. Bg2 Be7 5. Nf3 O-O 6. O-O dxc4 7. Qc2 a6 8. a4 Bd7 9. Qxc4 Bc6 10. Bf4 Qd5 11. Qc1 Qh5 12. Bxc7 Rc8 13. Bf4 Nbd7 14.
Nc3 Ne4 15. Rd1 Ndf6 16. Qc2 Bb4 17. Qb3 Bxc3 18. bxc3 Bd5 19. Qb2 Rxc3 20. Ne5 Rac8 21. Rac1 g5 22. Bd2 Rxc1 23. Rxc1 Rxc1+ 24. Bxc1 Kg7 25. f3 Nd6 26. e4 Ndxe4 27. g4 Qh4 28. fxe4 Qe1+ 29.
Bf1 Nxe4 30. Qc2 h6 31. Nf3 Qb4 32. Bb2 b5 33. axb5 axb5 34. Ne5 Nf6 35. Nd3 Qc4 36. Qxc4 Bxc4 37. Ne5 Bxf1 38. Kxf1 Ne4 39. Ke2 f6 40. Nf3 Kf7 41. Ke3 Nd6 42. Nd2 Ke7 43. Ba3 Kd7 44. Bxd6 Kxd6 45. Ne4+ Ke7 46. Ng3 Kd6 47. Ke4 b4 48.
Kd3 Kd5 49. Ne4 f5 50. Nf6+ Kd6 51. gxf5 exf5 52. Kc4 Ke6 53. Nd5 b3 54. Nc3 b2 55.
Kb3 f4 56. Kxb2 g4 57. Kc2 h5 58. Kd3 h4 59. Ne2 Kf5 60. d5 f3 61. Nf4 Kxf4 62. d6 g3 63. d7 gxh2 64. d8=Q h1=Q 65. Qf6+ Kg3 66. Qg5+ Kh3 67. Qf5+ Kh2 68. Qf4+ Kh3 69. Qf5+ Kg3 70. Qg5+ Kf2 71. Qd2+ Kg1 72. Qe3+ Kg2 73. Qg5+ Kf1 74. Qc1+ Kg2 75. Qg5+ Kh3 76. Qf5+ 1/2-1/2

[Event "*** SCC Grand Prix: Titled Tuesday Blitz"]
[Site "Chess.com"]
[Date "2020.10.06"]
[Round "4"]
[White "sopo-tereladze"]
[Black "GianmarcoVaR"]
[Result "1/2-1/2"]
[WhiteElo "2309"]
[BlackElo "2467"]
[TimeControl "180+1"]
[EndTime "10:40:41 PDT"]
[Termination "Game drawn - insufficient material"]

1. e4 c6 2. d4 d5 3. Nc3 dxe4 4. Nxe4 Bf5 5. Ng3 Bg6 6. Nf3 Nd7 7. Bd3 Ngf6 8. h4 e6 9. h5 Bxd3 10. Qxd3 h6 11.
Be3 Qa5+ 12. Bd2 Bb4 13. c3 Be7 14. c4 Qc7 15. O-O-O b5 16. Kb1 O-O 17. Rhe1 bxc4 18. Qxc4 Rab8 19. Bc1 Rb4 20. Qc2 Rfb8 21. Ka1 Qa5 22. Bd2 Qa4 23. Qxa4 Rxa4 24. Bc3 Nd5 25.
Ne4 c5 26. dxc5 Nxc5 27. Nxc5 Bxc5 28. Bd4 Bxd4 29. Rxd4 Rbb4 30. Red1 Kf8 31. g3 Ke7 32. Rxb4 Rxb4 33. Nd4 Rc4 34. b3 Rc5 35. Kb2 Nf6 36.
b4 Rc7 37. a4 Nxh5 38. b5 Nf6 39.
Nc6+ Kf8 40. Rd8+ Ne8 41. Ra8 h5 42. Rxa7 Rxa7 43. Nxa7 g5 44. Nc8 Nc7 45. b6 Na6 46. Nd6 f5 47. Nc4 Ke7 48. Kc3 h4 49. gxh4 gxh4 50.
Ne3 Kd6 51. Kc4 Kc6 52. a5 Nc5 53. Nf1 f4 54. Nh2 e5 55. Nf3 h3 56. Nxe5+ Kd6 57.
Nf3 Kc6 58. Ne5+ Kd6 59. Nf3 Kc6 60. Kd4 Nb3+ 61. Ke4 Nd2+ 62. Kxf4 Nc4 63. Kg3 Nxa5 64. Kxh3 Kxb6 65. Ne5 Kc5 66. f4 Kd5 67. Kg4 Nb7 68. Kf5 Nd6+ 69. Kf6 Ke4 70. Ng6 Nf5 71. Ke6 Nd4+ 72.
Kd6 Ne2 73. f5 Kxf5 1/2-1/2

[Event "*** SCC Grand Prix: Titled Tuesday Blitz"]
[Site "Chess.com"]
[Date "2020.10.06"]
[Round "4"]
[White "IANOV0007"]
[Black "verdest"]
[Result "0-1"]
[WhiteElo "2435"]
[BlackElo "2662"]
[TimeControl "180+1"]
[EndTime "10:40:46 PDT"]
[Termination "verdest won by resignation"]

1. Nf3 Nf6 2. g3 d5 3. Bg2 c6 4. O-O Bg4 5. d3 Nbd7 6. Nbd2 e5 7. e4 Bd6 8. Qe1 O-O 9. h3 Bh5 10. Nh4 Re8 11. Nf5 Bf8 12. Nf3 a5 13. Bg5 Qb6 14. Rb1 a4 15. a3 h6 16. Be3 d4 17. Bd2 Bg6 18. N3h4 Bh7 19. Qd1 Nc5 20.
Kh1 Ne6 21. Qc1 Qd8 22. f4 exf4 23. gxf4 Nh5 24. Qd1 g6 25. Kh2 Kh8 26. Qf3 Nhxf4 27. Bxf4 gxf5 28. Nxf5 Bxf5 29. Be5+ f6 30. Bg3 Bh7 31.
h4 Bd6 32. Qxf6+ Qxf6 33. Rxf6 Bxg3+ 34. Kxg3 Rg8+ 35. Kh2 Ng7 36. Rxh6 Raf8 37. Kg1 Rf4 38. e5 Rg4 39. Kh2 Rxg2+ 40. Kxg2 Nf5+ 41. Kf3 Nxh6 42. Re1 Rf8+ 43. Kg2 Re8 44. Kg3 Nf5+ 45. Kf4 Nxh4 46. Rg1 Ng6+ 47. Kg5 Nxe5 48. Kf6 Nf3 49. Rg3 Re1 50.
Rxf3 Kg8 51. Rf4 c5 52. Rg4+ Kf8 53. Rg5 Rf1+ 54. Ke6 Bg8+ 55. Kd6 b6 56. Kc7 Rf6 57. Re5 Ba2 58. Kd8 Bb1 59. Re8+ Kf7 60. Re2 Re6 61.
Rf2+ Kg6 62. Kc7 Rf6 63. Rg2+ Kf7 64. Kb7 b5 65. Re2 c4 66. Rd2 c3 67. bxc3 dxc3 68. Rh2 b4 69. axb4 a3 70. Kc8 a2 71. Rh7+ Kg6 72.
Ra7 Rb6 73. Kc7 Rxb4 74. Kc6 Rb2 75. Kc5 Bxc2 76. d4 Bb3 77. d5 Rb1 78. d6 a1=Q 79.
Rxa1 Rxa1 80. d7 Rd1 0-1

[Event "*** SCC Grand Prix: Titled Tuesday Blitz"]
[Site "Chess.com"]
[Date "2020.10.06"]
[Round "4"]
[White "reutik"]
[Black "TheMagnet"]
[Result "0-1"]
[WhiteElo "2195"]
[BlackElo "2586"]
[TimeControl "180+1"]
[EndTime "10:40:47 PDT"]
[Termination "TheMagnet won by checkmate"]

1. d4 Nf6 2. c4 c5 3. d5 e6 4. Nc3 exd5 5. cxd5 d6 6. Nf3 g6 7. h3 Bg7 8. Bf4 a6 9. a4 O-O 10. e3 Qe7 11. Nd2 Ne8 12. Be2 Nd7 13. O-O Rb8 14. a5 f5 15. Nc4 Ne5 16. Na4 Nc7 17. Nab6 Nb5 18. Qd2 Nxc4 19. Nxc4 Bd7 20. Rfe1 Rbd8 21. Bd3 Qf6 22. Rab1 g5 23. Bh2 f4 24. Nb6 fxe3 25. fxe3 Bf5 26. Rf1 Qg6 27. Bxf5 Rxf5 28. Rxf5 Qxf5 29. Rf1 Qe4 30. Qf2 Rf8 31. Qg3 Rxf1+ 32. Kxf1 Qb1+ 33. Kf2 Qxb2+ 34. Kf3 Qf6+ 35. Ke2 Qf5 36.
Qg4 Qxg4+ 37. hxg4 Bf8 38. Kd3 Kf7 39. Nc4 Ke8 40.
Bg3 Kd7 41. Nb6+ Kc7 42. Nc4 Bg7 43. Bh2 Bf6 44. Bg3 Kd7 45. Be1 Bd8 46. Bd2 Ke7 47.
Be1 Bc7 48. Bd2 Kf7 49. Be1 Kg6 50. Ke4 Bd8 51. Bd2 Be7 52. Kf3 Bd8 53. Ke4 Be7 54.
Kf3 Bf6 55. Ke4 Bc3 56. Bc1 Be1 57. Bb2 Bc3 58. Bc1 h5 59. gxh5+ Kxh5 60. Kf5 g4 61. e4 Nd4+ 62. Kf6 Nb3+ 63. Ke7 Nxc1 64. Nxd6 Nd3 65. Nxb7 c4 66. d6 Bb4 67. Ke6 Bxd6 68.
Nxd6 c3 69. Nf5 c2 70. Ng3+ Kh6 71. Ne2 Nf4+ 72. Nxf4 c1=Q 73. Nd5 Qc5 74. e5 Qxa5 75. Nf6 Qb6+ 76. Kf5 Qb1+ 77. Kxg4 Qe1 78. Kf5 Kg7 79. g4 a5 80. g5 a4 81. e6 a3 82. Nd5 a2 83. e7 a1=Q 84. Nf4 Qae5+ 85. Kg4 Qxe7 86. Nh5+ Kh8 87. Nf6 Q1e2+ 88. Kf5 Q7e6+ 89. Kg6 Qc2+ 90. Kh6 Qh7# 0-1

[Event "*** SCC Grand Prix: Titled Tuesday Blitz"]
[Site "Chess.com"]
[Date "2020.10.06"]
[Round "4"]
[White "AndrewMaco"]
[Black "KyrgyzFighter"]
[Result "1-0"]
[WhiteElo "2632"]
[BlackElo "2398"]
[TimeControl "180+1"]
[EndTime "10:40:50 PDT"]
[Termination "AndrewMaco won by checkmate"]

1. e4 e6 2. d3 d5 3. Nd2 Nf6 4.
Ngf3 c5 5. g3 g6 6. Bg2 Bg7 7. O-O O-O 8. Re1 Nc6 9. c3 Re8 10.
e5 Nd7 11. d4 f6 12. exf6 Qxf6 13. Nb3 c4 14. Nbd2 g5 15. Nf1 g4 16. Nh4 h5 17.
h3 Rf8 18. Be3 gxh3 19. Bxh3 e5 20. dxe5 Ndxe5 21. Bxc8 Raxc8 22. Qxh5 Nd3 23. Re2 Nce5 24. Bd4 Rce8 25. f4 Qe6 26. fxe5 Qh3 27. Rh2 Qe6 28. Ng6 Rf5 29. Qh7+ Kf7 30. Nh4 Rg5 31. Nf3 Rf5 32.
N1d2 Rh8 33. Qxh8 Bxh8 34. Rxh8 Qg6 35. e6+ Ke7 36. Kh2 Rh5+ 37. Rxh5 Qxh5+ 38. Kg2 Qg4 39. Rh1 Nf4+ 40. Kf2 Nh3+ 41. Ke2 Qxg3 42. Re1 Qg2+ 43.
Kd1 Nf4 44. Bc5+ Ke8 45. Ne5 Nxe6 46. Nexc4 dxc4 47. Rxe6+ Kd7 48. Re2 Qh1+ 49. Re1 Qh5+ 50.
Kc1 Qxc5 51. Rd1 Kc7 52. Kc2 b5 53. Re1 a5 54. a3 Qf5+ 55. Kc1 Qf2 56. Rf1 Qe2 57. Rh1 Qd3 58. Rf1 b4 59. axb4 axb4 60. Rf3 Qe2 61. cxb4 Kb6 62. Rc3 Kb5 63. Rxc4 Qe1+ 64.
Kc2 Qf2 65. Re4 Qf5 66. Kc3 Qh3+ 67. Kc2 Qf5 68. Kd3 Qd5+ 69. Kc3 Qc6+ 70. Rc4 Qf6+ 71. Kb3 Qg5 72. Rc5+ Qxc5 73. bxc5 Kxc5 74. Kc3 Kb5 75. b4 Kc6 76. Kc4 Kb6 77. b5 Kc7 78. Kb4 Kb7 79. Kc5 Kc7 80. b6+ Kb7 81. Kb5 Kb8 82. Kc6 Kc8 83. b7+ Kb8 84. Nf3 Ka7 85.
Kc7 Ka6 86. b8=Q Ka5 87. Qb3 Ka6 88. Qb6# 1-0

[Event "*** SCC Grand Prix: Titled Tuesday Blitz"]
[Site "Chess.com"]
[Date "2020.10.06"]
[Round "4"]
[White "TimofeevAr"]
[Black "PotapovaM"]
[Result "1-0"]
[WhiteElo "2840"]
[BlackElo "2557"]
[TimeControl "180+1"]
[EndTime "10:40:54 PDT"]
[Termination "TimofeevAr won by resignation"]

1. d4 Nf6 2. c4 e6 3. Nc3 Bb4 4. e3 O-O 5. Bd3 d5 6. Nf3 dxc4 7. Bxc4 c5 8. O-O cxd4 9. exd4 b6 10. Qe2 Bb7 11. Rd1 Bxc3 12. bxc3 Nbd7 13. Bd3 h6 14. c4 Qc7 15. h3 Rfe8 16. Bb2 Rac8 17. Re1 Nh5 18.
Qe3 Nf4 19. Bf1 Ng6 20. Rad1 Nf6 21. Nh2 Ne4 22. Rc1 Nd6 23. Ng4 Nf5 24. Qb3 Rcd8 25. Rcd1 Ngh4 26. Ne5 f6 27. Ng4 h5 28. Ne3 Nxe3 29. Qxe3 Nf5 30. Qe2 h4 31. Qg4 Qd6 32. d5 Nh6 33. Qxh4 e5 34. Bd3 Bc8 35. Qh5 Kf8 36.
Qg6 f5 37. Qxd6+ Rxd6 38. Bxe5 Rdd8 39. Bc7 Rd7 40. Rxe8+ Kxe8 41. Re1+ Kf7 42. Bf4 Ng8 43. Bxf5 Rd8 44. Bd3 Nf6 45. Bg5 Bb7 46. a4 Ba6 47. a5 bxa5 48. Ra1 Rd6 49. Rxa5 Nxd5 50. cxd5 Bxd3 51. Rxa7+ Kg6 52. Bd2 Rxd5 53. Bc3 Bf5 54. Rxg7+ Kh6 55. Rg3 Rd1+ 56. Kh2 Bg6 57. Be5 Kh7 58.
Bf4 Rd7 59. Be3 Rf7 60. Rg4 Rd7 61. Rf4 Rf7 62. Rxf7+ Bxf7 63. g4 Kg6 64. Kg3 Be6 65.
f4 Bd7 66. h4 Bc8 67. h5+ Kh6 68. f5+ Kg7 69. Kf4 Bd7 70. Kg5 Be8 71. Bd4+ Kh7 72. Kf6 Kh6 73. Be3+ Kh7 74. Bf4 Bb5 75. g5 Be2 76.
g6+ Kg8 77. Kg5 Bc4 78. h6 Kf8 79. h7 1-0

[Event "*** SCC Grand Prix: Titled Tuesday Blitz"]
[Site "Chess.com"]
[Date "2020.10.06"]
[Round "4"]
[White "Shield12"]
[Black "NewBornNow"]
[Result "1/2-1/2"]
[WhiteElo "2843"]
[BlackElo "2645"]
[TimeControl "180+1"]
[EndTime "10:40:56 PDT"]
[Termination "Game drawn by repetition"]

1. e4 c5 2. Nf3 d6 3. d4 cxd4 4. Nxd4 a6 5. Nc3 Nf6 6. h3 e5 7. Nde2 h5 8. Bg5 Be6 9. Bxf6 Qxf6 10. Nd5 Qd8 11. Qd3 Nd7 12. O-O-O g6 13. Kb1 Nc5 14.
Qa3 Bg7 15. h4 O-O 16. Nec3 b5 17. Be2 Rb8 18. b4 Na4 19. Nxa4 bxa4 20. Qxa4 a5 21. b5 f5 22. f3 fxe4 23. Qxe4 Bf5 24. Qe3 Kh8 25.
g4 Bd7 26. a4 Rc8 27. gxh5 Bf5 28. Bd3 Rc5 29. Bxf5 gxf5 30. Rhg1 Qxh4 31. Qg5 Qxg5 32. Rxg5 e4 33. Nf4 e3 34. Ng6+ Kh7 35. Nxf8+ Bxf8 36. Re1 Bh6 37. Rg6 Bf4 38. Kb2 Be5+ 39. Kb1 f4 40. Kc1 Rc4 41. Kd1 Rd4+ 42. Ke2 Rd2+ 43. Kf1 Rf2+ 44. Kg1 Rxc2 45. Rb1 e2 46. Re6 Bd4+ 47.
Kh1 Rd2 48. Re1 Be3 49. Kg2 d5 50. b6 Rb2 51. b7 d4 52. Re7+ Kh6 53. Re8 Rxb7 54.
Rxe2 d3 55. R2xe3 fxe3 56. Rxe3 Rd7 57. Re1 Kg5 58. Kf2 Rd4 59. Ke3 Rxa4 60. Kxd3 Kxh5 61. Re5+ Kg6 62. Ke3 Kf6 63. Rc5 Ra1 64. Kf4 Ra4+ 65.
Kg3 Ra1 66. Kg4 Ra4+ 67. f4 Ra1 68. Rc6+ Ke7 69. Kf5 a4 70. Rc7+ Kd6 71. Ra7 a3 72.
Kf6 Kc5 73. f5 Kb4 74. Rb7+ Kc3 75. Rc7+ Kb3 76. Rb7+ Kc3 77. Rc7+ Kb3 78. Rb7+ Kc3 1/2-1/2